 Dungeon Crawl Stone Soup version 0.28-a0-1435-g82390b3a13 (webtiles) character file.

Game seed: 15879575995478272364

324 grumblor the Skirmisher (level 6, -4/32 HPs)
             Began as a Vine Stalker Fighter on Jan 10, 2022.
             Was an Initiate of Sif Muna.
             Slain by Menkaure (8 damage)
             ... on level 4 of the Dungeon.
             The game lasted 00:05:24 (2738 turns).

grumblor the Skirmisher (Vine Stalker Fighter)      Turns: 2738, Time: 00:05:26

Health: -4/32      AC: 13    Str: 21    XL:     6   Next: 48%
Magic:  0/10       EV:  7    Int:  8    God:    Sif Muna [......]
Gold:   140        SH:  4    Dex: 13    Spells: 9/9 levels left

rFire   . . .      SeeInvis .   a - +1 war axe
rCold   . . .      Faith    .   c - +0 buckler
rNeg    . . .      Spirit   +   e - +3 chain mail {Will+}
rPois   .          Reflect  .   (no helmet)
rElec   .          Harm     .   f - +0 cloak
rCorr   .          Rampage  .   (no gloves)
Will    +....                   (no boots)
Stlth   ..........              (no amulet)
HPRegen 0.90/turn               (no ring)
MPRegen 0.12/turn               (no ring)

@: no status effects
A: fangs 2, regeneration 1, magic shield, antimagic bite, no potion heal 2
a: Renounce Religion


You were on level 4 of the Dungeon.
You worshipped Sif Muna.
Sif Muna was noncommittal.
You visited 2 branches of the dungeon, and saw 5 of its levels.

You collected 140 gold pieces.

Inventory:

Hand Weapons
 a - a +1 war axe (weapon)
 g - a +0 war axe
Missiles
 h - 3 boomerangs (quivered)
Armour
 c - a +0 buckler (worn)
 e - a +3 chain mail of willpower (worn)
 f - a +0 cloak (worn)
Potions
 b - 3 potions of curing
 d - 2 potions of might
 i - 2 potions of heal wounds {unknown}
 j - a potion of cancellation
 k - a potion of berserk rage {unknown}
 l - a potion of brilliance {unknown}


   Skills:
 + Level 3.3 Fighting
 + Level 3.2 Axes
 * Level 1.8 Throwing
 + Level 3.1 Armour
 * Level 1.6 Dodging
 + Level 3.0 Shields
 * Level 2.1 Spellcasting


You had 9 spell levels left.
You didn't know any spells.
Your spell library contained the following spells:

 Spells                   Type           Power      Damage    Failure   Level
 Slow                     Hex            0%         N/A       99%         1
 Call Canine Familiar     Summ           0%         N/A       100%        3
 Ozocubu's Armour         Ice            0%         N/A       100%        3
 Portal Projectile        Hex/Tloc       0%         N/A       100%        3
 Summon Guardian Golem    Hex/Summ       0%         N/A       100%        3
 Animate Armour           Summ/Erth      0%         N/A       100%        4
 Leda's Liquefaction      Hex/Erth       0%         N/A       100%        4
 Blade Hands              Tmut           0%         N/A       100%        5
 Metabolic Englaciation   Hex/Ice        0%         N/A       100%        5
 Yara's Violent Unravell  Hex/Tmut       0%         3d3       100%        5
 Iron Shot                Conj/Erth      0%         9d1       100%        6


Dungeon Overview and Level Annotations

Branches:
Dungeon (4/15)             Temple (1/1) D:4

Altars:
Ashenzari
Dithmenos
Gozag
Hepliaklqana
Makhleb
Sif Muna
Trog
Uskayaw
Xom

Annotations:
D:4 Menkaure


Innate Abilities, Weirdness & Mutations

You have extremely sharp teeth.
Your natural rate of healing is unusually fast.
When hurt, damage is shared between your health and your magic reserves.
Your bite disrupts and absorbs the magic of your enemies.
Potions cannot restore your health.


Message History

There is a staircase to the Ecumenical Temple here.
You climb downwards.
Welcome to the Ecumenical Temple!
There is a staircase back to the Dungeon here.
Found an opulent altar of Gozag.
Found a broken altar of Ashenzari.
Found a hide-covered altar of Uskayaw.
Found a hazy altar of Hepliaklqana.
Found a bloodstained altar of Trog and a shadowy altar of Dithmenos.
Found a shimmering blue altar of Sif Muna.
There is a shimmering blue altar of Sif Muna here.
You kneel at the altar of Sif Muna.
Sif Muna welcomes you!
(D) Dungeon (T) Temple
Where to? (Enter - D:4, ? - help)
There is a staircase back to the Dungeon here.
You climb upwards.
Welcome back to the Dungeon!
Level annotation: Menkaure The endoplasm hits you but does no damage.
Menkaure mumbles some strange words.
Menkaure seems to speed up.
There is a staircase to the Ecumenical Temple here.
You aren't carrying any items that you can evoke.
There are monsters nearby!
Menkaure calls on the powers of darkness!
Your body is wracked with pain!
The endoplasm convulses!
Menkaure hits you!
Unknown command.
You slash Menkaure!
Menkaure is heavily damaged.
You slash the endoplasm!
You kill the endoplasm!
Sif Muna accepts your kill. You block Menkaure's attack.
Unknown command.
You barely miss Menkaure. You bite Menkaure.
Menkaure's magic leaks into the air.
You drain his magic.
You feel invigorated.
Menkaure is heavily damaged.
Menkaure hits you!
* * * LOW HITPOINT WARNING * * *
Menkaure hits you!
You die...

####.# #..
##....## # ...
##......## .....#
##..#.....#..#
###...........#
###....#.#.....##
.
#..............#
. #
#...#.8.#....#
#..?#@......#...#
.#
#.M.8.>.8...#.#
<.
#...#.......#...#
..
###...#.8.#....##
.. #.#..........#
.. #....#.#.....#
.. ###..........#
. #...#......#
##.. .....#


You could see Menkaure (fast, magic disrupted).

Vanquished Creatures
  An ogre (D:4)
  A centaur zombie (D:3)
  An iguana (D:4)
  Crazy Yiuf (D:3)
  Jessica (D:2)
  Terence (D:3)
  3 adders
  2 worms
  3 dart slugs
  4 orcs
  5 ball pythons
  4 bats
  9 endoplasms
  3 giant cockroaches
  4 goblins
  8 hobgoblins
  4 jackals
  2 quokkas
  2 frilled lizards
  3 kobolds
  5 rats
67 creatures vanquished.

Notes
Turn   | Place    | Note
-------+----------+-------------------------------------------
     0 | D:1      | grumblor the Vine Stalker Fighter began the quest for the
                  | Orb.
     0 | D:1      | Reached XP level 1. HP: 11/11 MP: 2/2
   143 | D:1      | Reached XP level 2. HP: 10/16 MP: 3/3
   656 | D:1      | Found a faded altar of an unknown god.
   663 | D:1      | Reached XP level 3. HP: 19/20 MP: 3/5
   697 | D:1      | Reached skill level 1 in Spellcasting
  1185 | D:2      | Noticed Jessica
  1193 | D:2      | Killed Jessica
  1194 | D:2      | Gained mutation: Your natural rate of healing is unusually
                  | fast. [Vine Stalker growth]
  1194 | D:2      | Reached XP level 4. HP: 24/24 MP: 6/6
  1245 | D:2      | Found a burning altar of Makhleb.
  1530 | D:3      | Reached skill level 1 in Throwing
  1654 | D:3      | Noticed Terence
  1659 | D:3      | Reached skill level 1 in Dodging
  1666 | D:3      | Killed Terence
  1667 | D:3      | Reached XP level 5. HP: 28/28 MP: 4/8
  1801 | D:3      | Found a runed translucent door.
  1802 | D:3      | Noticed Crazy Yiuf
  1849 | D:3      | Found a burning altar of Makhleb.
  2071 | D:3      | Got Muim's Compendium of the Glacier and the Oath
  2181 | D:3      | Killed Crazy Yiuf
  2316 | D:4      | Noticed an ogre
  2344 | D:4      | Killed an ogre
  2345 | D:4      | Reached XP level 6. HP: 27/32 MP: 2/10
  2478 | D:4      | Found a shimmering altar of Xom.
  2593 | D:4      | Found a staircase to the Ecumenical Temple.
  2601 | D:4      | Noticed Menkaure
  2603 | Temple   | Entered the Ecumenical Temple
  2708 | Temple   | Became a worshipper of Sif Muna the Loreminder
  2738 | D:4      | Slain by Menkaure

Illustrated notes

Levels and vault maps discovered:
D:1:      dpeg_arrival_prison, layout_loops_ring,
          shapermc_ecumenical_altar_totnotflames, minmay_circled_x
D:2:      layout_basic, basic_altar, nicolae_elevator_lobby_plus, uniq_jessica
D:3:      layout_basic, mainiacjoe_overflow_cross_hatched, uniq_terence,
          uniq_crazy_yiuf_cottage
D:4:      layout_rooms, mainiacjoe_overflow_alcove_4,
          nicolae_overflow_hidden_temple, minmay_temple_entry_sparse_star,
          uniq_menkaure
Temple:   minmay_temple_forest_path

Skill      XL: |  1  2  3  4  5 |
---------------+----------------+-----
Fighting       | 3 |  3.3
Spellcasting   | 1 2 |  2.1
Axes           | 2 3 |  3.2
Throwing       | 1 |  1.8
Dodging        | 1 |  1.6
Armour         | 3 |  3.1
Shields        | 3 |  3.0

Action                   |  1- 3 |  4- 6 || total
-------------------------+-------+-------++-------
Melee: War axe           |    60 |   118 ||   178
       Bite              |    11 |    32 ||    43
  Use: Scroll            |     1 |     9 ||    10
Armor: Scale mail        |    11 |       ||    11
       Chain mail        |    23 |    75 ||    98
Dodge: Dodged            |    30 |    48 ||    78
Block: Buckler           |     8 |    24 ||    32

Table legend: (Time is in decaauts)
 A = Elapsed time spent in this place.
 B = Non-inter-level travel time spent in this place.
 C = Inter-level travel time spent in this place.
 D = Time resting spent in this place.
 E = Time spent auto-exploring this place.
 F = Levels seen in this place.
 G = Mean time per level.
                   A        B        C        D        E       F      G
               +--------+--------+--------+--------+--------+-----+--------+
         Total |   2800 |   2651 |    149 |      0 |   2099 |   5 |  560.0 |
       Dungeon |   2670 |   2545 |    125 |      0 |   2008 |   4 |  667.5 |
        Temple |    129 |    105 |     24 |      0 |     91 |   1 |  129.0 |
               +--------+--------+--------+--------+--------+-----+--------+

Top non-repeatable levels by time:
     D:1: 995 daAuts
     D:3: 792 daAuts
     D:2: 523 daAuts
     D:4: 359 daAuts
  Temple: 129 daAuts
